 Dungeon Crawl Stone Soup version 0.26.0-11-g8f856b5395 (webtiles) character file.

Game seed: 4326039774830823026

270 EnegeticOcto the Skirmisher (level 6, -1/39 HPs)
             Began as a Gargoyle Fighter on Jan 15, 2021.
             Killed from afar by an orc wizard (2 damage)
             ... with a magic dart
             ... on level 4 of the Dungeon.
             The game lasted 00:01:48 (2987 turns).

EnegeticOcto the Skirmisher (Gargoyle Fighter)      Turns: 2987, Time: 00:01:49

Health: -1/39      AC: 16    Str: 21    XL:     6   Next: 22%
Magic:  6/6        EV:  7    Int:  9    God:
Gold:   108        SH:  9    Dex:  9    Spells: 5/5 levels left

rFire    + . .     SeeInvis .   a - +1 flail
rCold    . . .     Faith    .   c - +0 kite shield
rNeg     + . .     Spirit   .   b - +0 scale mail
rPois    ∞         Reflect  .   n - +0 helmet
rElec    +         Harm     .   l - +1 cloak
rCorr    .         Rampage  .   p - +0 pair of gloves
Will     .....                  (no boots)
Stlth    ..........             (no amulet)
HPRegen  0.13/turn              f - ring of protection from fire
MPRegen  0.10/turn              (no ring)

@: slowed, very slow
A: negative energy resistance 1, electricity resistance, unbreathing,
petrification resistance, miasma immunity, AC +4
a: no special abilities


You were on level 4 of the Dungeon.
You visited 1 branch of the dungeon, and saw 4 of its levels.

You collected 108 gold pieces.

Inventory:

Hand Weapons
 a - a +1 flail (weapon)
Armour
 b - a +0 scale mail (worn)
 c - a +0 kite shield (worn)
 l - a +1 cloak (worn)
   (You took it off Crazy Yiuf on level 2 of the Dungeon)
 n - a +0 helmet (worn)
   (You took it off Robin on level 3 of the Dungeon)
 p - a +0 pair of gloves (worn)
   (You found it on level 3 of the Dungeon)
Jewellery
 f - a ring of protection from fire (left hand)
   (You found it on level 1 of the Dungeon)
Scrolls
 g - 2 scrolls of fear {!r}
 i - 2 scrolls of teleportation {@r3 !r}
Potions
 d - a potion of might {@q3 !q}
 e - 3 potions of resistance
 h - 2 potions of lignification {@q6}
 j - 2 potions of brilliance {unknown}
 k - 2 potions of ambrosia {unknown}
 r - a potion of degeneration {unknown}
 s - a potion of mutation {unknown}


   Skills:
 + Level 4.4 Fighting
 * Level 4.2 Maces & Flails
 + Level 4.4 Armour
 + Level 4.3 Shields


You had 5 spell levels left.
You didn't know any spells.
Your spell library was empty.

Dungeon Overview and Level Annotations

Branches:
Dungeon (4/15)
 Temple: D:4-7

Altars:


Innate Abilities, Weirdness & Mutations

You are resistant to torment.
Your stone body is resilient. (AC +4)
You are immune to poison.
You resist negative energy. (rN+)
You are resistant to electric shocks. (rElec)
You can survive without breathing.
You are immune to petrification.
You are immune to miasma.


Message History

You hit the orc priest but do no damage.
The orc wizard points at you and mumbles some strange words.
The magic dart hits you but does no damage.
The orc priest looks braver for a moment.
You block the orc wizard's attack. You block the orc's attack.
You hit the orc priest.
The orc priest is lightly wounded.
You block the orc priest's attack.
The orc wizard hits you but does no damage.
The orc hits you but does no damage.
You closely miss the orc priest.
The orc priest is lightly wounded.
The orc priest invokes the aid of Beogh against you.
Beogh smites you!
* * * LOW HITPOINT WARNING * * *
The orc wizard gestures wildly while chanting.
The orc wizard blinks!
The orc barely misses you.
You barely miss the orc priest.
The orc priest is lightly wounded.
The orc priest hits you but does no damage.
You block the orc's attack.
You closely miss the orc priest.
The orc priest is lightly wounded.
You block the orc priest's attack. The orc hits you but does no damage.
You block the orc priest's attack.
The orc wizard mumbles some strange words.
The orc wizard blinks!
Really quaff
q - a potion of heal wounds {@q2 !q}?
You feel much better.
The orc priest hits you but does no damage.
You hit the orc priest.
The orc priest is lightly wounded.
The orc hits you but does no damage.
The orc priest invokes the aid of Beogh against you.
Pain shoots through your body! You block the orc's attack.
You closely miss the orc priest.
The orc priest is lightly wounded.
You block the orc priest's attack.
The orc wizard points at you and mumbles some strange words.
The magic dart hits you. The orc closely misses you.
You hit the orc priest but do no damage.
The orc priest is lightly wounded.
The orc priest completely misses you. The orc wizard casts a spell at you.
The magic dart hits you. The orc closely misses you.
You sock the orc priest!
The orc priest is heavily wounded.
You block the orc priest's attack. You block the orc's attack.
You block the orc priest's attack.
The orc wizard gestures at you while chanting.
You feel yourself slow down.
You closely miss the orc priest.
The orc priest is heavily wounded.
The orc priest hits you but does no damage.
The orc wizard casts a spell.
The orc wizard seems to speed up.
You block the orc's attack.
The orc priest invokes the aid of Beogh against you.
Beogh smites you!
The orc wizard hits you but does no damage.
You hit the orc priest.
The orc priest is severely wounded.
You block the orc wizard's attack. You block the orc's attack.
You block the orc priest's attack.
The orc wizard hits you but does no damage.
The orc hits you but does no damage.
The orc priest mumbles some strange prayers to Beogh against you.
Beogh smites you!
* * * LOW HITPOINT WARNING * * *
The orc wizard hits you but does no damage.
You hit the orc priest.
The orc priest is almost dead.
The orc wizard hits you but does no damage.
You block the orc's attack. You block the orc priest's attack.
The orc wizard hits you but does no damage.
You hit the orc priest.
The orc priest is almost dead.
The orc wizard casts a spell at you.
The magic dart hits you but does no damage.
The orc priest hits you but does no damage.
You block the orc's attack. The orc wizard barely misses you.
The orc priest hits you but does no damage.
The orc hits you with a +0 flail.
* * * LOW HITPOINT WARNING * * *
The orc wizard hits you but does no damage.
You hit the orc priest.
You kill the orc priest!
The orc wizard points at you and mumbles some strange words.
You resist with some effort.
The orc wizard points at you and mumbles some strange words.
You feel as though you will be slow longer.
The orc hits you but does no damage.
The orc wizard hits you but does no damage.
The orc barely misses you.
The orc wizard gestures at you while chanting.
You feel as though you will be slow longer.
The orc wizard barely misses you.
The orc throws a boomerang.
You block the boomerang.
The weapon returns to the orc!
The orc wizard casts a spell at you. The magic dart hits you.
You die...

.#.### .#.... #..#
....##. #..# ....... #..#
###.......
#..######......>#
##.........o.....##
#######... #...).....(
#........######@#.o......
#.............(.....[..##
#.(......###....#......#
#####...<#...####......#
#....###.### #..#####
#.##. #? ##.. .. .. . ###
.. ... ## . ....


You could see an orc wizard (fast).

Vanquished Creatures
  A scorpion (D:4)
  An orc priest (D:4)
  Crazy Yiuf (D:2)
  Terence (D:2)
  Robin (D:3)
  4 adders
  A worm (D:2)
  2 dart slugs
  4 leopard geckos
  2 orcs
  2 giant cockroaches
  18 goblins
  6 hobgoblins
  10 jackals
  3 bats
  4 frilled lizards
  6 kobolds
  11 rats
78 creatures vanquished.

Notes
Turn   | Place    | Note
-------+----------+-------------------------------------------
     0 | D:1      | EnegeticOcto the Gargoyle Fighter began the quest for the
                  | Orb.
     0 | D:1      | Reached XP level 1. HP: 14/14 MP: 1/1
   387 | D:1      | Reached XP level 2. HP: 19/19 MP: 2/2
   661 | D:1      | Reached XP level 3. HP: 23/23 MP: 3/3
  1149 | D:2      | Noticed Terence
  1169 | D:2      | Killed Terence
  1170 | D:2      | Reached skill level 3 in Maces & Flails
  1283 | D:2      | Reached XP level 4. HP: 29/29 MP: 4/4
  1765 | D:2      | Found a runed translucent door.
  1766 | D:2      | Noticed Crazy Yiuf
  1928 | D:2      | Found a faded altar of an unknown god.
  2124 | D:2      | Killed Crazy Yiuf
  2125 | D:2      | Reached skill level 4 in Fighting
  2125 | D:2      | Reached skill level 4 in Armour
  2125 | D:2      | Reached skill level 4 in Shields
  2125 | D:2      | Reached XP level 5. HP: 28/33 MP: 5/5
  2245 | D:3      | Noticed Robin
  2440 | D:3      | Killed Robin
  2954 | D:4      | Reached skill level 4 in Maces & Flails
  2954 | D:4      | Reached XP level 6. HP: 39/39 MP: 6/6
  2984 | D:4      | HP: 1/39 [orc/+0 flail (5)]
  2987 | D:4      | Killed from afar by an orc wizard

Illustrated notes

Levels and vault maps discovered:
D:1:      dpeg_arrival_ratfight, layout_loops_corners,
          chequers_serial_rivers_room_b, minivault_27
D:2:      layout_loops_ring, chequers_ecumenical_altar_simple_redux,
          uniq_crazy_yiuf_cottage, uniq_terence
D:3:      layout_rooms, kennysheep_generic_room_9, uniq_robin
D:4:      layout_rooms, uniq_natasha

Skill      XL: |  1  2  3  4  5 |
---------------+----------------+-----
Maces & Flails | 3 4 |  4.2
Fighting       | 4 |  4.4
Armour         | 4 |  4.4
Shields        | 4 |  4.3

Action                   |  1- 3 |  4- 6 || total
-------------------------+-------+-------++-------
Melee: Flail             |   131 |   210 ||   341
  Use: Scroll            |     8 |     2 ||    10
       Potion            |       |     1 ||     1
Armor: Scale mail        |    87 |   191 ||   278
Dodge: Dodged            |    53 |    88 ||   141
Block: Kite shield       |    87 |   171 ||   258
